 Dungeon Crawl Stone Soup version 0.26.1-11-gd32895ea62 (webtiles) character file.

Game seed: 13651032082153536835

65 Crownlay the Chiller (level 4, -3/32 HPs)
             Began as a Gnoll Ice Elementalist on July 22, 2021.
             Slain by an orc wizard
             ... wielding a +0 trident
              (7 damage)
             ... on level 4 of the Dungeon.
             The game lasted 00:02:09 (1589 turns).

Crownlay the Chiller (Gnoll Ice Elementalist)       Turns: 1589, Time: 00:02:10

Health: -3/32      AC: 11    Str: 10    XL:     4   Next: 13%
Magic:  1/11       EV: 15    Int: 18    God:
Gold:   34         SH:  0    Dex: 16    Spells: 6/13 levels left

rFire    . . .     SeeInvis .   i - +0 dagger
rCold    . . .     Faith    .   (no shield)
rNeg     . . .     Spirit   .   a - +0 robe
rPois    .         Reflect  .   j - +2 hat
rElec    .         Harm     .   (no cloak)
rCorr    .         Rampage  .   (no gloves)
Will     .....                  (no boots)
Stlth    +++.......             (no amulet)
HPRegen  0.10/turn              (no ring)
MPRegen  0.12/turn              (no ring)

@: icy armour, frozen ramparts, very slightly contaminated
A: distributed training, fangs 1, strong nose
a: no special abilities


You were on level 4 of the Dungeon.
You visited 1 branch of the dungeon, and saw 3 of its levels.

You collected 34 gold pieces.

Inventory:

Hand Weapons
 i - a +0 dagger (weapon)
Armour
 a - a +0 robe (worn)
 j - a +2 hat (worn)
Jewellery
 c - an uncursed amulet of reflection {unknown}
Scrolls
 b - 2 scrolls of identify {unknown}
 d - a scroll of amnesia {unknown}
 f - 2 scrolls of teleportation {unknown}
 g - 2 scrolls of noise {unknown}
 k - a scroll of enchant weapon {unknown}
Potions
 e - a potion of cancellation {unknown}
 h - a potion of attraction {unknown}
 l - a potion of curing {unknown}


   Skills:
 + Level 1.0 Fighting
 + Level 1.0 Short Blades
 + Level 1.0 Long Blades
 + Level 1.0 Axes
 + Level 1.0 Maces & Flails
 + Level 1.0 Polearms
 + Level 1.0 Staves
 + Level 1.0 Slings
 + Level 1.0 Bows
 + Level 1.0 Crossbows
 + Level 1.0 Throwing
 + Level 1.0 Armour
 + Level 4.6 Dodging
 + Level 4.2 Stealth
 + Level 1.0 Shields
 + Level 1.0 Unarmed Combat
 + Level 5.0 Spellcasting
 + Level 0.8 Conjurations
 + Level 0.8 Hexes
 + Level 0.8 Summonings
 + Level 0.8 Necromancy
 + Level 0.8 Translocations
 + Level 0.8 Transmutations
 + Level 0.8 Fire Magic
 + Level 7.1 Ice Magic
 + Level 0.8 Air Magic
 + Level 0.8 Earth Magic
 + Level 0.8 Poison Magic
 + Level 1.1 Invocations
 + Level 1.0 Evocations


You had 6 spell levels left.
You knew the following spells:

 Your Spells              Type           Power        Failure   Level
a - Freeze                Ice            100%         1%          1
b - Frozen Ramparts       Ice            60%          2%          3
c - Ozocubu's Armour      Ice            30%          2%          3

Your spell library contained the following spells:

 Spells                   Type           Power        Failure   Level
 Hailstorm                Conj/Ice       18%          26%         4
 Summon Ice Beast         Ice/Summ       18%          26%         4


Dungeon Overview and Level Annotations

Branches:
Dungeon (2/15)

Altars:
Vehumet


Innate Abilities, Weirdness & Mutations

Your experience applies equally to all skills.
You have very sharp teeth.
Your uncanny sense of smell can sniff out nearby items.


Message History

Casting: Frozen Ramparts (dangerous; 2% risk of failure)
Press: ? - help, Dir - look around, f - activate You miscast Frozen Ramparts.
You are very lightly contaminated with residual magic.
Nothing appears to happen.
The orc wizard hits you but does no damage.
The orc wizard points at you and mumbles some strange words.
The puff of flame misses you. The orc wizard barely misses you.
Casting: Frozen Ramparts (dangerous; 2% risk of failure)
Confirm with . or Enter, or press ? or * to list all spells.
Casting: Frozen Ramparts (dangerous; 2% risk of failure)
Press: ? - help, Dir - look around, f - activate The walls around you are covered in ice.
The orc wizard looks encouraged for a moment.
The orc wizard completely misses you.
The orc wizard looks satisfied for a moment.
The orc wizard closely misses you.
The orc wizard hits you from afar with a +0 trident!
You die...

####### .)..... ∆
#.. ...o. #.#
#..######.. #.#
+@....... ##.#
#.†###### #..#
#...# #..# ###
##+...#
#..###.####.....#
#.........../..##
#..###..##....!#
##.# #.#...>.#.#
#<##....#####.#


You could see an orc wizard (fast).

Vanquished Creatures
  A howler monkey (D:4)
  A dart slug (D:1)
  2 giant cockroaches
  4 goblins
  6 jackals
  4 kobolds (D:1)
  A quokka (D:2)
  A ball python (D:2)
  2 bats (D:1)
  2 frilled lizards (D:1)
  3 rats
27 creatures vanquished.

Notes
Turn   | Place    | Note
-------+----------+-------------------------------------------
     0 | D:1      | Crownlay the Gnoll Ice Elementalist began the quest for the
                  | Orb.
     0 | D:1      | Reached XP level 1. HP: 13/13 MP: 6/6
   237 | D:1      | Reached XP level 2. HP: 19/19 MP: 5/7
  1308 | D:2      | Found a radiant altar of Vehumet.
  1439 | D:2      | Reached XP level 3. HP: 25/25 MP: 7/9
  1463 | D:2      | You fall into a shaft and drop 2 floors!
  1489 | D:4      | Reached skill level 5 in Spellcasting
  1493 | D:4      | Reached skill level 1 in Fighting
  1493 | D:4      | Reached skill level 1 in Short Blades
  1493 | D:4      | Reached skill level 1 in Long Blades
  1493 | D:4      | Reached skill level 1 in Axes
  1493 | D:4      | Reached skill level 1 in Maces & Flails
  1493 | D:4      | Reached skill level 1 in Polearms
  1493 | D:4      | Reached skill level 1 in Staves
  1493 | D:4      | Reached skill level 1 in Slings
  1493 | D:4      | Reached skill level 1 in Bows
  1493 | D:4      | Reached skill level 1 in Crossbows
  1493 | D:4      | Reached skill level 1 in Throwing
  1493 | D:4      | Reached skill level 1 in Armour
  1493 | D:4      | Reached skill level 1 in Shields
  1493 | D:4      | Reached skill level 1 in Unarmed Combat
  1493 | D:4      | Reached skill level 1 in Invocations
  1493 | D:4      | Reached skill level 1 in Evocations
  1493 | D:4      | Reached XP level 4. HP: 20/32 MP: 6/11
  1499 | D:4      | Learned a level 3 spell: Frozen Ramparts
  1503 | D:4      | Learned a level 3 spell: Ozocubu's Armour
  1589 | D:4      | Slain by an orc wizard

Illustrated notes

Levels and vault maps discovered:
D:1:      giann_wishing_wells, layout_basic, serial_park_tiny_1
D:2:      layout_basic, nicolae_overflow_crystal_walls, minmay_tripent,
          uniq_crazy_yiuf_cottage
D:4:      layout_loops_ring, lemuel_coloured_pillars_altar,
          nemelex_xobeh_ov_fountains_minmay, marbit_many_paths,
          gup_sewer_entry_bowl, serial_shops, nicolae_shop_waterfront

Skill      XL: |  1  2  3 |
---------------+----------+-----
Spellcasting   | 5 |  5.0
Fighting       | 1 |  1.0
Short Blades   | 1 |  1.0
Long Blades    | 1 |  1.0
Axes           | 1 |  1.0
Maces & Flails | 1 |  1.0
Polearms       | 1 |  1.0
Staves         | 1 |  1.0
Slings         | 1 |  1.0
Bows           | 1 |  1.0
Crossbows      | 1 |  1.0
Throwing       | 1 |  1.0
Armour         | 1 |  1.0
Shields        | 1 |  1.0
Unarmed Combat | 1 |  1.0
Invocations    | 1 |  1.1
Evocations     | 1 |  1.0
Dodging        | |  4.6
Stealth        | |  4.2
Conjurations   | |  0.8
Hexes          | |  0.8
Summonings     | |  0.8
Necromancy     | |  0.8
Translocations | |  0.8
Transmutations | |  0.8
Fire Magic     | |  0.8
Ice Magic      | |  7.1
Air Magic      | |  0.8
Earth Magic    | |  0.8
Poison Magic   | |  0.8

Action                   |  1- 3 |  4- 6 || total
-------------------------+-------+-------++-------
Melee: Unarmed           |     5 |       ||     5
       Dagger            |    23 |       ||    23
       Bite              |     3 |       ||     3
 Cast: Freeze            |    26 |     2 ||    28
       Frozen Ramparts   |       |     2 ||     2
       Ozocubu's Armour  |       |     1 ||     1
Armor: Robe              |    11 |     4 ||    15
Dodge: Dodged            |    47 |    10 ||    57
